 Dungeon Crawl Stone Soup version 0.29-a0-284-gf9362112df (webtiles) character file.

Game seed: 9038608570634337283

122 mistaj the Chopper (level 4, 0/60 HPs)
             Began as a Minotaur Gladiator on Mar 23, 2022.
             Succumbed to Terence's poison
             ... on level 2 of the Dungeon.
             The game lasted 00:03:25 (1959 turns).

mistaj the Chopper (Minotaur Gladiator)             Turns: 1959, Time: 00:03:25

Health: 0/60       AC: 22    Str: 18    XL:     4   Next: 78%
Magic:  3/3        EV:  2    Int: 11    God:
Gold:   80         SH:  0    Dex: 12    Spells: 3/3 levels left

rFire   . . .      SeeInvis .   i - +0 whip (elec)
rCold   . . .      Faith    .   (no shield)
rNeg    . . .      Spirit   .   (body armour currently unavailable)
rPois   +          Reflect  .   (helmet currently unavailable)
rElec   .          Harm     .   (cloak currently unavailable)
rCorr   .          Rampage  .   (gloves currently unavailable)
Will    .....      NoTele   +   (boots currently unavailable)
Stlth   +.........              (no amulet)
HPRegen 0.20/turn               (no ring)
MPRegen 0.08/turn               (no ring)

@: lethally poisoned (0 -> -13), tree-form
A: stationary, stasis, torment immunity, boosted hp, (horns 2), (retaliatory
headbutt), clever 2
a: no special abilities


You were on level 2 of the Dungeon.
You were a tree.
You visited 1 branch of the dungeon, and saw 2 of its levels.

You collected 80 gold pieces.

Inventory:

Hand Weapons
 i - a +0 whip of electrocution (weapon)
Missiles
 d - 3 throwing nets (quivered)
 e - a javelin
Armour
 b - a +0 leather armour
 c - a +0 hat (melded)
 j - a +1 pair of gloves of strength (melded)
 l - a +0 scale mail (melded)
Jewellery
 p - a ring of flight
Scrolls
 a - 2 scrolls of immolation {unknown}
 g - a scroll of enchant weapon {unknown}
 h - a scroll of amnesia {unknown}
 k - 2 scrolls of enchant armour {unknown}
 m - a scroll of noise {unknown}
 o - a scroll of teleportation {unknown}
Potions
 f - a potion of resistance {unknown}
 q - a potion of lignification


   Skills:
 + Level 3.6 Fighting
 - Level 4.4(4.8) Axes
 * Level 2.8(4.0) Maces & Flails
 - Level 2.0 Throwing
 + Level 2.4 Armour
 - Level 3.2 Dodging


You had 3 spell levels left.
You didn't know any spells.
Your spell library contained the following spells:

 Spells                   Type           Power      Damage    Failure   Level
 Magic Dart               Conj           0%         1d3       34%         1
 Summon Small Mammal      Summ           0%         N/A       34%         1
 Call Imp                 Summ           0%         N/A       47%         2
 Call Canine Familiar     Summ           0%         N/A       71%         3
 Mephitic Cloud           Conj/Pois/Air  0%         N/A       71%         3
 Summon Guardian Golem    Hex/Summ       0%         N/A       71%         3


Dungeon Overview and Level Annotations

Branches:
Dungeon (2/15)

Altars:

Shops:
D:1 =   D:2 (


Innate Abilities, Weirdness & Mutations

You are a tree.
Your roots penetrate the ground, keeping you stationary.
You cannot be teleported.
You are immune to unholy pain and torment.
Your maximum health is greatly increased.
Your equipment is partially melded.
((You have a pair of horns on your head.))
((You reflexively headbutt those who attack you in melee.))
Your mind is very acute. (Int +4)


Message History

Terence is heavily wounded.
You feel very sick. Terence misses you.
You barely miss Terence.
Terence is heavily wounded.
You feel sick.
You hit Terence.
Terence is severely wounded.
You feel sick.
Terence hits you with a +1 flail of venom.
You closely miss Terence.
Terence is severely wounded.
You feel sick.
Terence hits you with a +1 flail of venom.
You are more poisoned.
You barely miss Terence.
Terence is severely wounded.
You feel very sick. Terence barely misses you.
You hit Terence but do no damage.
Terence is severely wounded.
You feel very sick.
Terence hits you with a +1 flail of venom.
* * * LOW HITPOINT WARNING * * *
You are more poisoned.
You hit Terence but do no damage. Lightning courses through Terence!
You kill Terence!
* * * LOW HITPOINT WARNING * * *
You feel very sick.
It was a potion of lignification.
You turn into a tree.
Your +0 hat melds into your body.
Your +1 pair of gloves of strength melds into your body.
Your +0 scale mail melds into your body.
You feel weaker.
Your roots penetrate the ground.
* * * LOW HITPOINT WARNING * * *
You feel very sick.
It was a potion of mutation.
You feel extremely strange.
You feel clever. x2
You die...

### #^#.# #.#
#.#<# #.# #.#.# ##
#.# # #.... .. #.#
# ### #. ###.#
####
#.#####...####
...#
.............#
##.#
##)####.####.#
##.## ##.## #♣#
#.# #.# #...###...
#)# #.# #.#
.......... #.# #.#
#.# #...###...
#####.# #.# #.#
.........# #.....#
#.# #.#
##.#####.###.#...#
#.# #.#
#...........#...#
#.# #.#
#.#####...........
#.# #.#
#.##.......... #.#


There were no monsters in sight!

Vanquished Creatures
  Terence (D:2)
  4 adders (D:2)
  A worm (D:2)
  3 dart slugs
  4 endoplasms
  4 goblins
  6 hobgoblins
  3 jackals (D:1)
  6 kobolds
  A quokka (D:2)
  8 ball pythons
  7 bats
  5 frilled lizards
  A rat (D:1)
54 creatures vanquished.

Notes
Turn   | Place    | Note
-------+----------+-------------------------------------------
     0 | D:1      | mistaj the Minotaur Gladiator began the quest for the Orb.
     0 | D:1      | Reached XP level 1. HP: 18/18 MP: 0/0
   195 | D:1      | Reached skill level 4 in Axes
   195 | D:1      | Reached XP level 2. HP: 24/25 MP: 1/1
   265 | D:1      | Reached skill level 1 in Armour
   475 | D:1      | Found Kofuh's Jewellery Shop.
   848 | D:1      | Found a faded altar of an unknown god.
  1205 | D:2      | Reached XP level 3. HP: 31/31 MP: 2/2
  1331 | D:2      | Found Odghis's Weapon Shoppe.
  1337 | D:2      | Reached skill level 1 in Maces & Flails
  1650 | D:2      | Reached XP level 4. HP: 37/38 MP: 3/3
  1698 | D:2      | Noticed Terence
  1957 | D:2      | Killed Terence
  1958 | D:2      | HP: 3/60 [poisoned by Terence]
  1959 | D:2      | Gained mutation: Your mind is acute. (Int +2) [potion of
                  | mutation]
  1959 | D:2      | Gained mutation: Your mind is very acute. (Int +4) [potion
                  | of mutation]
  1959 | D:2      | Succumbed to Terence's poison

Illustrated notes

Levels and vault maps discovered:
D:1:      dpeg_arrival_round_c, layout_basic,
          dreamdust_ecumenical_altar_angels_and_demons, serial_shops, shop
D:2:      layout_loops_ring, serial_shops, nicolae_shop_bloodbath_and_beyond,
          minmay_split_cup_small, uniq_terence

Skill      XL: |  1  2  3 |
---------------+----------+-----
Axes           | 4 |  4.4
Armour         | 1 2 |  2.4
Fighting       | 3 |  3.6
Maces & Flails | 2 |  2.8
Throwing       | |  2.0
Dodging        | |  3.2

Action                   |  1- 3 |  4- 6 || total
-------------------------+-------+-------++-------
Melee: War axe           |    35 |       ||    35
       Whip              |    57 |    28 ||    85
       Headbutt          |     8 |     2 ||    10
  Use: Potion            |       |     2 ||     2
 Stab: Sleeping          |     1 |       ||     1
Armor: Leather armour    |    33 |       ||    33
       Scale mail        |     4 |     5 ||     9
Dodge: Dodged            |    64 |    16 ||    80

Table legend: (Time is in decaauts)
 A = Elapsed time spent in this place.
 B = Non-inter-level travel time spent in this place.
 C = Inter-level travel time spent in this place.
 D = Time resting spent in this place.
 E = Time spent auto-exploring this place.
 F = Levels seen in this place.
 G = Mean time per level.
                   A        B        C        D        E       F      G
               +--------+--------+--------+--------+--------+-----+--------+
         Total |   1963 |   1928 |     35 |    371 |   1095 |   2 |  981.5 |
       Dungeon |   1963 |   1928 |     35 |    371 |   1095 |   2 |  981.5 |
               +--------+--------+--------+--------+--------+-----+--------+

Top non-repeatable levels by time:
     D:1: 1199 daAuts
     D:2: 764 daAuts
